 Dungeon Crawl Stone Soup version 0.21-a0-195-gc079aee (webtiles) character file.

11 Helio the Sneak (level 2, 0/13 HPs)
             Began as a Spriggan Enchanter on Aug 15, 2017.
             Succumbed to a worker ant's poison
             ... on level 1 of the Dungeon.
             The game lasted 00:05:06 (1739 turns).

Helio the Sneak (Spriggan Enchanter)                Turns: 1739, Time: 00:05:07

Health: 0/13       AC:  5    Str:  4    XL:     2   Next: 13%
Magic:  7/7        EV: 18    Int: 16    God:
Gold:   79         SH:  0    Dex: 16    Spells: 4/7 levels left

rFire    . . .     SeeInvis +   a - +1 dagger
rCold    . . .     Gourm    .   (shield restricted)
rNeg     . . .     Faith    .   b - +1 robe
rPois    .         Spirit   .   (helmet restricted)
rElec    .         Reflect  .   (no cloak)
rCorr    .         Harm     .   (gloves unavailable)
MR       .....                  (boots unavailable)
Stlth    +++.......             (no amulet)
HPRegen  0.04/turn              (no ring)
MPRegen  0.10/turn              (no ring)

@: lethally poisoned (0 -> -2), very quick
A: unfitting armour, iridescent scales 1, see invisible, blink, herbivore 3,
speed 3, slow metabolism 2, subdued magic 1
a: Blink


You were on level 1 of the Dungeon.
You were not hungry.

You visited 1 branch of the dungeon, and saw 2 of its levels.

You collected 79 gold pieces.

Inventory:

Hand Weapons
 a - a +1 dagger (weapon)
Armour
 b - a +1 robe (worn)
Scrolls
 f - a scroll of fog
Books
 c - a book of Maledictions

   Spells                             Type                      Level
   a - Corona                         Hexes                        1
   b - Ensorcelled Hibernation        Hexes/Ice                    2
   c - Confuse                        Hexes                        3
   d - Tukima's Dance                 Hexes                        3
   e - Dazzling Spray                 Conjuration/Hexes            3
Comestibles
 d - a bread ration
 g - a royal jelly


   Skills:
 - Level 1.1 Short Blades
 - Level 3.0 Dodging
 - Level 4.4 Stealth
 + Level 3.2 Spellcasting
 + Level 4.0 Hexes


You had 4 spell levels left.
You knew the following spells:

 Your Spells              Type           Power        Failure   Level  Hunger
a - Ensorcelled Hibernat  Hex/Ice        #.....       10%         2    ##.....
b - Corona                Hex            ##.....      2%          1    None


Dungeon Overview and Level Annotations

Branches:
Dungeon (2/15)

Altars:


Innate Abilities, Weirdness & Mutations

You are very small and have problems with some larger weapons.
You are too small for most types of armour.
You have supernaturally acute eyesight. (SInv)
You are a herbivore.
You cover ground extremely quickly.
You need consume almost no food.
You are partially covered in iridescent scales. (AC +2)
You can translocate small distances at will.
Your spells are a little easier to cast, but a little less powerful.


Message History

As you read the scroll labeled FUAVEE ZILUQUB, it crumbles to dust.
The scroll dissolves into smoke.
It was a scroll of fog.
* * * LOW HITPOINT WARNING * * *
You feel sick.
As you read the scroll labeled TAISIAS SOLU, it crumbles to dust.
It is a scroll of enchant armour.
Your +0 robe glows green for a moment.
* * * LOW HITPOINT WARNING * * *
You feel sick.
As you read the scroll labeled OJOCWI XAAHU, it crumbles to dust.
The creatures around you are filled with an inner flame!
It was a scroll of immolation.
* * * LOW HITPOINT WARNING * * *
You feel sick.
There is a stone staircase leading down here.
Unknown command.
You aren't carrying any potions.
Unknown command.
Unknown command.
You die...

### ########## ###..
######........# ####...#
#...##........###....###
#>.a...@......##..####..
#.#.####'######..## ♣...
#.#.####..####..## .
#.#...###.##...##
#.###........###
#.########.###
#.##.....#..#
#§##.....##.# ###
#§##.....##.# #..


You could see a worker ant (inner flame).

Vanquished Creatures
  A leopard gecko (D:1)
  A bat (D:1)
  2 goblins (D:1)
  A hobgoblin (D:1)
  A kobold (D:1)
  A ball python (D:1)
  A frilled lizard (D:1)
  A rat (D:1)
9 creatures vanquished.

Notes
Turn   | Place    | Note
-------+----------+-------------------------------------------
     0 | D:1      | Helio the Spriggan Enchanter began the quest for the Orb.
     0 | D:1      | Reached XP level 1. HP: 9/9 MP: 5/5
  1311 | D:1      | Reached XP level 2. HP: 5/13 MP: 4/7
  1513 | D:1      | Learned a level 2 spell: Ensorcelled Hibernation
  1700 | D:1      | Gained mutation: Your spells are a little easier to cast, but a little less powerful. [potion of mutation]
  1700 | D:1      | Gained mutation: Your body sometimes deteriorates upon taking damage. [potion of mutation]
  1700 | D:1      | Gained mutation: Your flesh is heat resistant. (rF+) [potion of mutation]
  1701 | D:1      | Lost mutation: Your body sometimes deteriorates upon taking damage. [potion of mutation]
  1701 | D:1      | Lost mutation: Your flesh is heat resistant. (rF+) [potion of mutation]
  1701 | D:1      | Gained mutation: You are partially covered in iridescent scales. (AC +2) [potion of mutation]
  1701 | D:1      | Gained mutation: You can translocate small distances at will. [potion of mutation]
  1739 | D:1      | Succumbed to a worker ant's poison

Vault maps used:
D:1:      sevenhm_arrival_forest_fort_large_3, serial_park_tiny_1
D:2:      old_standard_altar, zin_angel, serial_glass, glass_columns_b,
          glass_columns_a

Skill      XL: |  1 |
---------------+----+-----
Spellcasting   | 3 |  3.2
Hexes          | 4 |  4.0
Short Blades   | |  1.1
Dodging        | |  3.0
Stealth        | |  4.4

Action                   || total
-------------------------++-------
Melee: Dagger            ||    67
 Cast: Corona            ||    15
       Ensorcelled Hiber ||     3
  Use: Potion            ||     3
       Scroll            ||     3
 Stab: Sleeping          ||     3
Armor: Robe              ||     4
Dodge: Dodged            ||    63
